 Dungeon Crawl Stone Soup version 0.31-a0-216-g22e908daa7 (webtiles) character file.

Game seed: 9906325491158240446

49 qw the Shooter (level 3, -1/29 HPs)
             Began as a Minotaur Hexslinger on July 2, 2023.
             Slain by Sigmund
             ... wielding a +0 scythe
              (6 damage)
             ... on level 2 of the Dungeon.
             The game lasted 00:00:28 (673 turns).

qw the Shooter (Minotaur Hexslinger)                 Turns: 673, Time: 00:00:28

Health: -1/29      AC:  9    Str: 12    XL:     3   Next: 53%
Magic:  3/3        EV: 11    Int: 10    God:
Gold:   57         SH:  0    Dex: 14    Spells: 3/4 levels left

rFire   . . .        Y - +2 sling
rCold   + + .        (no shield)
rNeg    + . .        i - +4 ring mail
rPois   .            (helmet restricted)
rElec   .            (no cloak)
rCorr   .            (no gloves)
SInv    +            (no boots)
Will    .....        (no amulet)
Stlth   +            a - ring of Uhisup {rC++ rN+ SInv}
HPRegen 0.24/turn    (no ring)
MPRegen 0.08/turn

%: no passive effects
@: slowed, very slow
A: horns 2, retaliatory headbutt
a: no special abilities


You were on level 2 of the Dungeon.
You visited 1 branch of the dungeon, and saw 2 of its levels.

You collected 57 gold pieces.


Innate Abilities, Weirdness & Mutations

You have a pair of horns on your head.
You reflexively headbutt those who attack you in melee.


   Skills:
 - Level 2.0 Fighting
 - Level 4.1 Ranged Weapons
 + Level 0.2 Armour
 - Level 2.1 Dodging
 - Level 1.0 Spellcasting
 - Level 2.0 Hexes


You had 3 spell levels left.
You knew the following spells:

 Your Spells              Type           Power      Damage    Failure   Level
a - Slow                  Hex            16%        N/A       34%         1

Your spell library contained the following spells:

 Spells                   Type           Power      Damage    Failure   Level
 Inner Flame              Hex/Fire       2%         N/A       83%         3
 Portal Projectile        Hex/Tloc       4%         N/A       83%         3
 Cause Fear               Hex            2%         N/A       98%         4

Inventory:

Hand Weapons
 Y - a +2 sling (weapon)
Armour
 i - a +4 ring mail (worn)
Jewellery
 a - the ring of Uhisup (left hand) {rC++ rN+ SInv}
   (You acquired it on level 1 of the Dungeon)

   [ring of see invisible]

   rC:        It greatly protects you from cold.
   rN:        It protects you from negative energy.
   SInv:      It lets you see invisible.
Potions
 b - a potion of brilliance {unknown}
 h - a potion of might

Dungeon Overview and Level Annotations

Branches:
Dungeon (2/15)

Altars:

Annotations:
D:2 Natasha, Sigmund


Message History

Natasha casts a spell at you.
You feel as though you will be slow longer.
You shoot a sling bullet.
The sling bullet closely misses Natasha.
Sigmund hits you from afar with a +0 scythe!
Natasha zaps a wand.
The puff of flame hits you.
Natasha drinks a potion.
Natasha is healed!
Sigmund hits you from afar with a +0 scythe!
669 ||| DRINKING potion of heal wounds.
You feel much better. Natasha barely misses you.
Sigmund hits you from afar with a +0 scythe.
You shoot a sling bullet. The sling bullet barely misses Natasha.
Natasha barely misses you. Natasha claws you but does no damage.
The cerulean imp hits you but does no damage.
Sigmund barely misses you.
You shoot a sling bullet.
The sling bullet hits Natasha but does no damage.
Natasha closely misses you. You furiously retaliate!
You headbutt Natasha.
The cerulean imp hits you but does no damage.
Sigmund barely misses you. Natasha casts a spell at you.
The magic dart hits you.
The cerulean imp hits you but does no damage.
You shoot a sling bullet. The sling bullet hits Natasha.
Natasha is moderately wounded.
Natasha casts a spell at you.
The magic dart hits you but does no damage.
The cerulean imp hits you but does no damage.
Sigmund misses you. Natasha casts a spell at you.
You resist with significant effort.
The cerulean imp hits you from afar with a +0 spear.
You shoot a sling bullet. The sling bullet barely misses Natasha.
Sigmund flickers, as though insubstantial.
Sigmund barely misses you.
Natasha zaps a wand.
The puff of flame hits you!
The cerulean imp hits you from afar with a +0 spear.
Natasha claws you but does no damage.
The cerulean imp hits you but does no damage.
Sigmund hits you from afar with a +0 scythe.
You die...

#... ### .. #.# #... ..
.. #$.. ... #..h#
....#.... ^........##
.........@#### .....
##h...# ......##@....#
......#..#####
......5.#################
.........................
>....####################
....# ####


You could see Sigmund (invisible), Natasha and a cerulean imp (summoned).

Vanquished Creatures
  An adder (D:2)
  A worm (D:2)
  3 dart slugs (D:1)
  7 ball pythons
  2 endoplasms
  3 giant cockroaches
  2 goblins (D:1)
  3 hobgoblins (D:1)
  A quokka (D:2)
  2 bats (D:1)
  3 frilled lizards
  2 kobolds
30 creatures vanquished.

Notes
Turn   | Place    | Note
-------+----------+-------------------------------------------
     0 | D:1      | qw the Minotaur Hexslinger began the quest for the Orb.
     0 | D:1      | Reached XP level 1. HP: 16/16 MP: 1/1
     0 | D:1      | 0 ||| qw: Version: 0.3-a-39-g4513739
     0 | D:1      | 0 ||| qw: Game counter: 7886
     0 | D:1      | 0 ||| qw: Melee chars always use a shield: true
     0 | D:1      | 0 ||| qw: God list: Okawaru
     0 | D:1      | 0 ||| qw: Allow faded altars: false
     0 | D:1      | 0 ||| qw: Do Orc after clearing Dungeon:15 true
     0 | D:1      | 0 ||| qw: Do second Lair branch before Depths: true
     0 | D:1      | 0 ||| qw: Lair rune preference: random
     0 | D:1      | 0 ||| qw: Goals: Normal
     0 | D:1      | 0 ||| PLANNING D:1-11
    80 | D:1      | Reached skill level 3 in Ranged Weapons
   104 | D:1      | Reached XP level 2. HP: 23/23 MP: 2/2
   375 | D:1      | Reached XP level 3. HP: 24/29 MP: 3/3
   405 | D:1      | 405 ||| UPGRADING to +4 ring mail.
   415 | D:1      | 415 ||| DROPPING +0 robe.
   416 | D:1      | 416 ||| READING scroll labelled XAEVVI JEOREU.
   417 | D:1      | 417 ||| READING scroll labelled AWKEOWAR KAXEO.
   418 | D:1      | 418 ||| READING scroll labelled NEGHOKHL AROH.
   419 | D:1      | 419 ||| READING scroll labelled SEACUMECIANN.
   420 | D:1      | 420 ||| READING scroll labelled DAAMAE OL ZASK.
   420 | D:1      | Identified a scroll of acquirement
   420 | D:1      | 420 ||| ACQUIRING ring of Uhisup {rC++ rN+ SInv}
   420 | D:1      | Acquired the ring of Uhisup {rC++ rN+ SInv}
   422 | D:1      | 422 ||| UPGRADING to ring of Uhisup {rC++ rN+ SInv}.
   423 | D:1      | 423 ||| DRINKING 2 yellow potions.
   424 | D:1      | 424 ||| DROPPING scroll of poison.
   516 | D:2      | 516 ||| FLEEEEING.
   589 | D:2      | Reached skill level 4 in Ranged Weapons
   656 | D:2      | Noticed Sigmund
   658 | D:2      | Noticed Natasha
   659 | D:2      | 659 ||| Stepping ~*~*~tactically~*~*~ (outnumbered).
   661 | D:2      | 661 ||| Stepping ~*~*~tactically~*~*~ (outnumbered).
   668 | D:2      | HP: 2/29 [Sigmund/+0 scythe (8)]
   669 | D:2      | 669 ||| DRINKING potion of heal wounds.
   673 | D:2      | HP: 5/29 [cerulean imp/+0 spear[Natasha] (4)]
   673 | D:2      | Slain by Sigmund

Levels and vault maps discovered:
D:1:      minmay_arrival_shoal_huts, layout_rooms
D:2:      layout_rooms, minmay_misc_feat_room, uniq_sigmund, uniq_natasha

Skill      XL: |  1  2  3 |
---------------+----------+-----
Ranged Weapons | 3 4 |  4.1
Fighting       | 2 |  2.0
Armour         | |  0.2
Dodging        | |  2.1
Spellcasting   | |  1.0
Hexes          | |  2.0

Action                     || total
---------------------------++-------
   Fire: Sling             ||   107
    Use: Scroll            ||     5
         Potion            ||     2
 Armour: Robe              ||     3
         Ring mail         ||    21
  Dodge: Dodged            ||    39

Table legend:
 A = Non-vault XP
 B = Vault XP
 C = Vault XP percentage of total XP
 D = Non-vault monster count
 E = Vault monster count
 F = Vault count percentage of total count
                 A         B        C        D         E       F
            +---------+---------+-------+---------+---------+-------
      Total |      71 |       0 |   0.0 |      30 |       0 |   0.0
            +---------+---------+-------+---------+---------+-------
        D:1 |      41 |       0 |   0.0 |      20 |       0 |   0.0
        D:2 |      30 |       0 |   0.0 |      10 |       0 |   0.0
            +---------+---------+-------+---------+---------+-------
